 Dungeon Crawl Stone Soup version 0.31-a0-1134-gb247575 (webtiles) character file.

Game seed: 3765685836814618169

69 PidgeyThePirate the Ruffian (level 3, -3/28 HPs)
             Began as a Demigod Shapeshifter on Dec 5, 2023.
             Splashed by a jelly's acid (8 damage)
             ... on level 2 of the Dungeon.
             The game lasted 00:03:25 (1578 turns).

PidgeyThePirate the Ruffian (Demigod Shapeshifter)  Turns: 1578, Time: 00:03:31

Health: -3/28      AC: -2    Str: 19    XL:     3   Next: 75%
Magic:  5/5        EV: 12    Int: 12    God:
Gold:   170        SH:  0    Dex: 13    Spells: 2/2 levels left

rFire   . .          .
                       - Unarmed
rCold   . . .        (no shield)
rNeg    . . .        a - +0 animal skin
rPois   .            (helmet currently unavailable)
rElec   .            (cloak currently unavailable)
rCorr   .            (gloves currently unavailable)
SInv    .            (boots currently unavailable)
Will    .....        (no amulet)
Stlth   +            p - ring of flight
HPRegen 0.24/turn    (no ring)
MPRegen 0.09/turn

%: no passive effects
@: beast-form, corroded, flying
A: beast (slay +1), high MP 1, forlorn, divine attributes
a: Begin Untransformation


You were on level 2 of the Dungeon.
You were a hulking beast.
You visited 1 branch of the dungeon, and saw 2 of its levels.

You collected 170 gold pieces.

Inventory:

Missiles
 k - 4 silver javelins
Armour
 a - a +0 animal skin (worn)
 e - a +0 helmet
Jewellery
 p - a ring of flight (left hand)
Talismans
 c - a beast talisman
 d - a flux talisman
 l - a storm talisman
Scrolls
 f - a scroll of vulnerability {unknown}
 g - 4 scrolls of identify {unknown}
 i - 2 scrolls of immolation {unknown}
 j - 5 scrolls of enchant armour {unknown}
 m - a scroll of blinking {unknown}
 o - a scroll of fear {unknown}
 q - a scroll of teleportation {unknown}
 s - a scroll of noise {unknown}
Potions
 b - a potion of lignification
 h - 2 potions of cancellation {unknown}
 n - a potion of might {unknown}
 r - a potion of curing {unknown}
 t - a potion of ambrosia {unknown}


   Skills:
 + Level 1.1 Fighting
 + Level 2.1 Dodging
 + Level 0.4 Stealth
 + Level 3.7 Unarmed Combat
 + Level 3.1 Shapeshifting


You had 2 spell levels left.
You didn't know any spells.
Your spell library contained the following spells:

 Spells                   Type           Power      Damage    Failure   Level
 Shock                    Conj/Air       0%         1d3       32%         1
 Swiftness                Air            0%         N/A       69%         3
 Airstrike                Air            0%         2d(0-16)  97%         4


Dungeon Overview and Level Annotations

Branches:
Dungeon (2/15)


Innate Abilities, Weirdness & Mutations

You are a hulking beast.
Your limbs bulge with bestial killing power. (Slay +1)
You have an increased reservoir of magic. (+10% MP)
You shall have no god before yourself.
Your divine heritage dramatically boosts your attributes as you level up.


Message History

You hit the endoplasm but do no damage.
The endoplasm is heavily wounded.
The endoplasm closely misses you.
You hit the endoplasm.
You kill the endoplasm!
You punch the endoplasm!
You kill the endoplasm!
Things that are here:
a +0 short sword; a kobold corpse
There is an open door here.
The endoplasm quivers.
The endoplasm freezes you.
You are frozen.
The endoplasm quivers.
The jelly attacks as it pursues you! The jelly hits you but does no damage.
The endoplasm hits the fungus.
The fungus begins to die.
There is an open door here.
The jelly misses you. The jelly attacks as it pursues you!
The jelly closely misses you.
Things that are here:
a +0 short sword; a kobold corpse The jelly closely misses you.
Things that are here:
a +0 short sword; a kobold corpse You hit the jelly.
The acid corrodes you!
Your hands burn!
The jelly is lightly wounded.
The jelly closely misses you.
You barely miss the jelly.
The jelly is lightly wounded.
The endoplasm hits something.
The jelly misses you.
You completely miss the jelly.
The jelly is lightly wounded.
The jelly hits you.
You are splashed with acid!
You hit the jelly.
Your hands burn!
* * * LOW HITPOINT WARNING * * *
The jelly is moderately wounded.
The jelly hits you.
* * * LOW HITPOINT WARNING * * *
You are splashed with acid!
You die...

#..)###.....##
#...##.......#
####...##.......#
#.....###.......#
#.....# #.......#
#.....# ####....#
####.....###..'....#
...'.(...##.########
####.....###....hJ##
#.....#########J##
########..._.J...#
#.÷.÷._J..#
#÷.JPJ_...#
#.P.....P.#
#..._..JP.#
#$.._._...#
###########


You could see a jelly and an endoplasm.

Vanquished Creatures
  An adder (D:2)
  2 dart slugs
  A worm (D:2)
  4 ball pythons
  6 endoplasms
  2 giant cockroaches (D:1)
  5 goblins
  4 hobgoblins
  A quokka (D:1)
  7 bats
  4 frilled lizards
  14 kobolds
  2 rats (D:1)
53 creatures vanquished.

Notes
Turn   | Place    | Note
-------+----------+-------------------------------------------
     0 | D:1      | PidgeyThePirate the Demigod Shapeshifter began the quest
                  | for the Orb.
     0 | D:1      | Reached XP level 1. HP: 15/15 MP: 3/3
   197 | D:1      | Reached XP level 2. HP: 19/22 MP: 4/4
   349 | D:1      | Reached skill level 1 in Fighting
   867 | D:2      | Reached XP level 3. HP: 23/28 MP: 5/5
  1578 | D:2      | Splashed by a jelly's acid

Illustrated notes

Levels and vault maps discovered:
D:1:      tarquinn_simple_flora_water_d, layout_basic, minmay_close_crescents
D:2:      cheibrodos_fertilizer, layout_basic,
          dreamdust_ecumenical_altar_hidden_monk_grotto, minmay_3d_cube

Skill      XL: |  1  2  3 |
---------------+----------+-----
Unarmed Combat | 3 |  3.7
Shapeshifting  | 3 |  3.1
Fighting       | 1 |  1.1
Dodging        | 2 |  2.1
Stealth        | |  0.4

Action                     || total
---------------------------++-------
  Melee: Unarmed           ||   129
         Punch             ||     4
   Stab: Sleeping          ||     1
 Armour: Animal skin       ||    73
  Dodge: Dodged            ||    78

Table legend: (Time is in decaauts)
 A = Elapsed time spent in this place.
 B = Non-inter-level travel time spent in this place.
 C = Inter-level travel time spent in this place.
 D = Time resting spent in this place.
 E = Time spent auto-exploring this place.
 F = Levels seen in this place.
 G = Mean time per level.
                   A        B        C        D        E       F      G
               +--------+--------+--------+--------+--------+-----+--------+
         Total |   1569 |   1544 |     25 |      0 |   1124 |   2 |  784.5 |
       Dungeon |   1569 |   1544 |     25 |      0 |   1124 |   2 |  784.5 |
               +--------+--------+--------+--------+--------+-----+--------+

Top non-repeatable levels by time:
     D:2: 794 daAuts
     D:1: 775 daAuts
